 Dungeon Crawl Stone Soup version 0.30.1-9-gdf580d7c3d (webtiles) character file.

Game seed: 9672921284851929615

99596 zikada the Brawler (level 14, -9/130 HPs)
             Began as a Troll Gladiator on Sept 30, 2023.
             Was the Champion of Ru.
             Mangled by a goliath frog (20 damage)
             ... on level 1 of the Swamp on Oct 3, 2023.
             The game lasted 09:15:15 (24265 turns).

zikada the Brawler (Troll Gladiator)               Turns: 24265, Time: 09:15:15

Health: -9/130     AC:  7    Str: 29    XL:     14   Next: 78%
Magic:  16/16      EV: 11    Int:  4    God:    Ru [******]
Gold:   2171       SH:  8    Dex: 13    Spells: 17/17 levels left

rFire   . .          .
                       - Unarmed
rCold   + + +        u - +1 kite shield {AC+3}
rNeg    + + .        I - +3 steam dragon scales
rPois   .            R - +2 hat {Will+}
rElec   .            Q - scarf {shadows}
rCorr   +            (gloves unavailable)
SInv    .            (boots unavailable)
Will    ++...        G - amulet of the acrobat Stlth
                     s - +4 ring of slaying
HPRegen 1.21/turn    L - ring "Duelamn" {rC+++ rN++ rCorr Str+2}
MPRegen 0.15/turn

%: acrobat
@: exhausted, corroded, horrified, invisible
A: large, unfitting armour, claws 3, regeneration 1, shaggy fur 1, tough skin 1,
no stealth, inability to use devices, cowardly, inability to train armour,
inexperienced 1
a: Renounce Religion, Draw Out Power, Power Leap, Apocalypse


You were on level 1 of the Swamp.
You worshipped Ru.
Ru was exalted by your worship.
You visited 5 branches of the dungeon, and saw 24 of its levels.
You also visited: Gauntlet and Ice Cave.

You collected 2407 gold pieces.
You spent 236 gold pieces at shops.

Inventory:

Hand Weapons
 t - a +3 spear of venom
 P - a +2 battleaxe of distortion
Missiles
 b - 7 boomerangs
 c - 3 throwing nets
 e - an atropa-tipped dart
 y - 17 large rocks
 z - 6 javelins (quivered)
 C - 17 poisoned darts
 E - 7 silver javelins
Armour
 a - a +2 robe of positive energy
 u - a +1 kite shield of protection (worn)
 I - +3 steam dragon scales (worn)
 J - a +2 robe of willpower
 K - a +2 robe of cold resistance
 M - a +1 robe of fire resistance
 O - a +2 buckler
 Q - a scarf of shadows (worn)
 R - a +2 hat of willpower (worn)
Magical Staves
 S - a staff of poison
Jewellery
 s - a +4 ring of slaying (left claw)
 v - an amulet of guardian spirit
 D - the ring "Lerud" {Fly Will+ SInv}
   (You found it on level 7 of the Dungeon)

   [ring of willpower]

   SInv:      It lets you see invisible.
   Fly:       It grants you flight.
   Will:      It increases your willpower.
 G - an amulet of the acrobat (around neck)
 L - the ring "Duelamn" (right claw) {rC+++ rN++ rCorr Str+2}
   (You took it off a vampire on level 7 of the Dungeon)

   [ring of resist corrosion]

   Str:       It affects your strength (+2).
   rC:        It renders you almost immune to cold.
   rN:        It greatly protects you from negative energy.
   rCorr:     It protects you from acid and corrosion.
 N - the ring "Nadwir" {Fly rF+ rC+}
   (You found it in a Gauntlet)

   [ring of protection from cold]

   rF:        It protects you from fire.
   rC:        It protects you from cold.
   Fly:       It grants you flight.
Scrolls
 f - 3 scrolls of identify
 g - 4 scrolls of poison
 o - a scroll of immolation
 p - 3 scrolls of fog
 q - 4 scrolls of vulnerability
 w - 2 scrolls of fear
 x - 3 scrolls of blinking
 A - 2 scrolls of brand weapon
 B - 8 scrolls of teleportation
Potions
 h - a potion of curing
 i - 2 potions of lignification
 j - 3 potions of haste
 k - 6 potions of attraction
 l - 2 potions of mutation
 m - 2 potions of flight
 n - 4 potions of might
 r - 2 potions of cancellation
 F - a potion of berserk rage
 H - a potion of ambrosia


   Skills:
 + Level 6.0 Fighting
 * Level 17.3 Throwing
 + Level 6.0 Dodging
 + Level 19.3 Unarmed Combat
 - Level 2.0 Spellcasting


You had 17 spell levels left.
You didn't know any spells.
Your spell library contained the following spells:

 Spells                   Type           Power      Damage    Failure   Level
 Sting                    Tmut/Pois      0%         1d3       69%         1
 Poisonous Vapours        Pois/Air       0%         N/A       83%         2
 Sublimation of Blood     Necr           0%         N/A       83%         2
 Inner Flame              Hex/Fire       0%         N/A       96%         3
 Manifold Assault         Tloc           0%         N/A       100%        4
 Olgreb's Toxic Radiance  Pois           0%         N/A       100%        4
 Petrify                  Tmut/Erth      0%         N/A       100%        4
 Irradiate                Conj/Tmut      0%         3d11      100%        5
 Yara's Violent Unravell  Hex/Tmut       0%         3d3       100%        5
 Dispersal                Tloc           0%         N/A       100%        6
 Enfeeble                 Hex            0%         N/A       100%        7
 Disjunction              Tloc           0%         N/A       100%        8


Dungeon Overview and Level Annotations

Branches:
Dungeon (15/15)            Temple (1/1) D:5            Lair (5/5) D:10
  Swamp (1/4) Lair:3        Snake (0/4) Lair:3        Slime (0/5) Lair:4
    Orc (2/2) D:10            Elf (0/3) Orc:2        Vaults (0/5) D:14
 Depths (0/4) D:15          IceCv (visited)         Gauntlet (visited)

Altars:
Ashenzari
Cheibriados
Dithmenos
Elyvilon
Fedhas
Gozag
Hepliaklqana
Kikubaaqudgha
Makhleb
Nemelex Xobeh
Okawaru
Qazlal
Ru
Sif Muna
Trog
Uskayaw
Vehumet
Wu Jian
Xom
Yredelemnul
Zin
The Shining One

Shops:
Orc:1 *[   Orc:2 [(*:

Portals:
Trove: D:12 (give 14 scrolls of teleportation)

Annotations:
D:12 2 transporters, Kounnib's ghost, journeyman MiBe
Swamp:1 next up (now)
Snake:1 next up (later)
Elf:1 next up (later)


Innate Abilities, Weirdness & Mutations

You are too large for most types of armour.
You have claws for hands.
Your natural rate of healing is unusually fast.
You are covered in fur. (AC +1)
You have tough skin. (AC +1)
You cannot be stealthy.
You cannot study or use magical devices.
Your cowardice makes you less effective in combat with threatening foes.
You cannot train Armour skill.
You are somewhat inexperienced. (-1 XL)


Message History

The bog body misses you.
You mangle the swamp drake!!
You kill the swamp drake!
You are engulfed in noxious fumes.
You choke on the stench!
You are more confused.
The goliath frog is engulfed in noxious fumes.
The goliath frog stops glowing.
You redirect the bog body's attack!
The bog body touches you. The bog body freezes you. You resist.
* * * LOW HITPOINT WARNING * * *
You bump into the rock wall.
The bog body barely misses you.
The goliath frog seems less confused.
The goliath frog hits you from afar!
* * * LOW HITPOINT WARNING * * *
You are splashed with acid.
You resist.
* * * LOW HITPOINT WARNING * * *
The bog body casts a spell at you. The bolt of cold hits you. You resist.
* * * LOW HITPOINT WARNING * * *
The bog body touches you!
* * * LOW HITPOINT WARNING * * *
The bog body freezes you. You resist.
* * * LOW HITPOINT WARNING * * *
The goliath frog hits you but does no damage.
The bog body attacks as you move away! The bog body misses you.
The goliath frog hits you from afar!
* * * LOW HITPOINT WARNING * * *
You are splashed with acid.
You resist.
* * * LOW HITPOINT WARNING * * *
Okay, then.
You fade into invisibility!
You feel less invigorated. The bog body misses you.
The goliath frog hits you from afar!
* * * LOW HITPOINT WARNING * * *
You are splashed with acid.
You resist.
* * * LOW HITPOINT WARNING * * *
The goliath frog completely misses you.
You bump into the rock wall.
You feel less confused. The goliath frog hits you!!
You die...

♣~.....^.
♣♣.♣..~♣.♣♣♣
♣....~~..~~♣
♣♣♣~..~...~..(
♣..♣......~..~
♣♣♣...........~.
♣♣.##..#....~.~.~
♣.....#F.n..~....
♣♣....#@..(..~(..
♣♣.♣...##......~..
♣......####.#....~
♣♣.~....#####..~..
♣~........# .....
♣♣~~.♣.....# ..♣♣
♣.~.~~♣♣...#
♣♣...♣..~..###
♣~.~.♣.~.....


You could see a goliath frog (unable to see you) and a bog body (unable to see
you).

Vanquished Creatures
  Rupert (Orc:2)
  Agnes (D:14)
  An orc warlord (Orc:2)
  A minotaur (Gauntlet)
  Nessos (D:14)
  2 fire dragons (D:15)
  Josephine (D:14)
  A vault guard (D:14)
  3 hydras
  An ogre mage (D:15)
  A merfolk avatar (Lair:5)
  A ghost crab (Gauntlet)
  2 centaur warriors
  Erica (D:9)
  8 boulder beetles
  An alligator (Swamp:1)
  4 two-headed ogres
  An orc high priest (Orc:2)
  4 tengu warriors (D:14)
  Urug (Orc:1)
  Nergalle (Orc:2)
  2 skysharks (Lair:5)
  A sea snake (Lair:5)
  2 wizards (D:14)
  A lindwurm (Lair:5)
  2 necromancers (D:14)
  4 orc knights
  3 deep elf pyromancers
  4 orc sorcerers
  A will-o-the-wisp (Swamp:1)
  3 manticores
  21 ugly things
  4 cyclopes
  16 elephants
  5 black mambas
  2 ice statues (IceCv)
  14 cane toads
  3 gargoyles
  4 rime drakes
  An unseen horror (D:12)
  A kobold demonologist (D:9)
  7 komodo dragons
  A yaktaur (D:14)
  An efreet (D:14)
  6 meliai
  3 polar bears
  8 trolls
  A tyrant leech (Swamp:1)
  3 hornets
  12 dream sheep
  A dream sheep (shapeshifter) (D:15)
  2 raiju (Gauntlet)
  23 blink frogs
  5 snapping turtles (Lair:5)
  8 slime creatures
  Sigmund (D:5)
  A spriggan (shapeshifter) (D:9)
  A culicivora (shapeshifter) (D:14)
  A shadow (D:7)
  2 vampires
  18 humans (D:14)
  4 basilisks
  A centaur simulacrum (D:14)
  6 wraiths
  31 yaks
  7 wyverns
  2 hogs (shapeshifter) (D:15)
  Grum (D:8)
  2 steam dragons
  A death yak simulacrum (IceCv)
  20 vampire mosquitoes
  3 nagas (Lair:3)
  A warg (Orc:1)
  3 swamp worms
  2 hell hounds (Lair:4)
  2 acid dragons
  6 water moccasins
  Duvessa (D:5)
  18 orc warriors
  3 sky beasts
  An ice beast (D:7)
  The ghost of fungusakafungus the Caller, an amateur FeSu (D:5)
  2 swamp drakes (Swamp:1)
  3 black bears
  12 ogres
  13 wolves
  16 centaurs
  2 kobold brigands
  Blork the orc (D:5)
  3 gnoll sergeants
  9 bullfrogs
  A scorpion (D:5)
  A water moccasin skeleton (D:5)
  A hornet simulacrum (D:15)
  5 wights (D:8)
  Dowan (D:5)
  22 killer bees
  7 howler monkeys
  7 electric eels (Lair:3)
  A bullfrog zombie (D:5)
  3 lava snakes (Lair:3)
  3 jellies
  13 orc priests
  A bullfrog skeleton (D:5)
  6 hounds
  Ijyb (D:4)
  6 iguanas
  15 orc wizards
  A polar bear simulacrum (IceCv)
  A lightning spire (Gauntlet)
  A wolf simulacrum (IceCv)
  18 gnolls
  9 adders
  7 white imps
  6 worms
  A dart slug (D:1)
  44 orcs
  7 endoplasms
  2 giant cockroaches
  5 goblins
  8 hobgoblins
  4 jackals (D:4)
  2 quokkas
  6 ball pythons
  3 bats
  2 frilled lizards (D:1)
  15 kobolds
  5 rats
655 creatures vanquished.

Vanquished Creatures (others)
  A hydra (D:15)
  A vault guard (D:14)
  A deep elf pyromancer (D:12)
  A komodo dragon (Lair:5)
  A tengu conjurer (D:14)
  A snapping turtle (Lair:5)
  A wolf (D:8)
  An orc wizard (Orc:2)
  A gnoll (D:8)
  2 foxfires (Swamp:1)
11 creatures vanquished.

Grand Total: 666 creatures vanquished

Notes
Turn   | Place    | Note
-------+----------+-------------------------------------------
     0 | D:1      | zikada the Troll Gladiator began the quest for the Orb.
     0 | D:1      | Reached XP level 1. HP: 19/19 MP: 0/0
   160 | D:1      | Reached XP level 2. HP: 28/28 MP: 1/1
   596 | D:1      | Reached XP level 3. HP: 35/35 MP: 2/2
   895 | D:2      | Found a sparkling altar of Nemelex Xobeh.
  1117 | D:2      | Found a faded altar of an unknown god.
  1415 | D:3      | Reached XP level 4. HP: 42/42 MP: 3/3
  1546 | D:3      | Reached skill level 4 in Unarmed Combat
  2105 | D:4      | Reached XP level 5. HP: 48/49 MP: 4/4
  2233 | D:4      | Noticed Ijyb
  2245 | D:4      | Killed Ijyb
  2391 | D:4      | Found a basalt altar of Yredelemnul.
  2393 | D:4      | Found a sacrificial altar of Ru.
  2397 | D:4      | Became a worshipper of Ru the Awakened
  2399 | D:4      | Found an ancient bone altar of Kikubaaqudgha.
  2400 | D:4      | Found a blossoming altar of Fedhas.
  2400 | D:4      | Found a shimmering altar of Xom.
  2400 | D:4      | Found a shimmering blue altar of Sif Muna.
  2406 | D:4      | Reached XP level 6. HP: 59/59 MP: 5/5
  2406 | D:4      | Found a glowing silver altar of Zin.
  2407 | D:4      | Found a radiant altar of Vehumet.
  2920 | D:5      | Entered Level 5 of the Dungeon
  2920 | D:5      | Noticed Blork the orc
  2920 | D:5      | Noticed Sigmund
  2937 | D:5      | Found a staircase to the Ecumenical Temple.
  2956 | D:5      | Reached skill level 5 in Unarmed Combat
  2981 | Temple   | Entered the Ecumenical Temple
  3381 | D:5      | Found a runed translucent gate.
  3382 | D:5      | Found a runed translucent gate.
  3383 | D:5      | Found a runed translucent gate.
  3384 | D:5      | Noticed fungusakafungus's ghost (amateur FeSu)
  3405 | D:5      | Reached XP level 7. HP: 34/66 MP: 6/6
  3504 | D:5      | Noticed Duvessa
  3509 | D:5      | Noticed Dowan
  3519 | D:5      | Killed Duvessa
  3557 | D:5      | Killed Dowan
  3567 | D:5      | Killed Sigmund
  3649 | D:5      | Reached skill level 5 in Dodging
  3649 | D:5      | Reached skill level 6 in Unarmed Combat
  3718 | D:5      | Reached XP level 8. HP: 59/75 MP: 7/7
  3815 | D:5      | Found an ornate altar of the Wu Jian Council.
  3980 | D:5      | Killed fungusakafungus's ghost
  4014 | D:5      | Gained mutation: Your cowardice makes you less effective in
                  | combat with threatening foes. [Ru sacrifice]
  4014 | D:5      | Reached * piety under Ru
  4137 | D:5      | Killed Blork the orc
  4453 | D:6      | Reached skill level 7 in Unarmed Combat
  5193 | D:7      | Found an opulent altar of Gozag.
  5193 | D:7      | Found a sparkling altar of Nemelex Xobeh.
  5442 | D:7      | Reached skill level 5 in Throwing
  5446 | D:7      | Reached skill level 8 in Unarmed Combat
  5542 | D:7      | Reached XP level 9. HP: 69/81 MP: 6/8
  5887 | D:7      | Reached skill level 9 in Unarmed Combat
  6106 | D:7      | Reached skill level 10 in Unarmed Combat
  6152 | D:7      | Noticed a two-headed ogre
  6534 | D:8      | Gained mutation: You cannot study or use magical devices.
                  | [Ru sacrifice]
  6534 | D:8      | Reached ** piety under Ru
  6534 | D:8      | Reached *** piety under Ru
  6584 | D:8      | Found a hide-covered altar of Uskayaw.
  6648 | D:8      | Reached XP level 10. HP: 91/91 MP: 8/10
  6743 | D:8      | Reached skill level 1 in Spellcasting
  7039 | D:8      | Noticed Grum
  7072 | D:8      | Killed Grum
  7073 | D:8      | Reached skill level 11 in Unarmed Combat
  7554 | D:9      | Noticed Erica
  7564 | D:9      | Killed Erica
  7565 | D:9      | Reached skill level 12 in Unarmed Combat
  7760 | D:9      | Reached XP level 11. HP: 93/97 MP: 11/11
  7770 | D:9      | Noticed a boulder beetle
  7793 | D:9      | Killed a boulder beetle
  7794 | D:9      | Reached skill level 13 in Unarmed Combat
  8183 | D:10     | Entered Level 10 of the Dungeon
  8269 | D:10     | Found a staircase to the Orcish Mines.
  8476 | D:10     | Gained mutation: You cannot be stealthy. [Ru sacrifice]
  8476 | D:10     | Reached **** piety under Ru
  8652 | D:10     | Found a staircase to the Lair.
  9274 | D:7      | Killed a two-headed ogre
  9334 | D:7      | Identified the ring "Duelamn" {rC+++ rN++ rCorr Str+2}
  9346 | D:7      | Reached skill level 14 in Unarmed Combat
  9393 | D:7      | Identified the ring "Usutor" {Fly Int+7}
  9393 | D:7      | Noticed a green ugly thing
  9408 | D:7      | Killed a green ugly thing
  9434 | D:7      | Identified the ring "Lerud" {Fly Will+ SInv}
  9437 | D:7      | Identified the ring of the Albatross {Ice Int+4}
  9651 | Lair:1   | Entered Level 1 of the Lair of Beasts
  9828 | Lair:1   | Reached skill level 10 in Throwing
  9976 | Lair:1   | Reached XP level 12. HP: 94/105 MP: 14/14
 10381 | Lair:1   | Gained mutation: You are somewhat inexperienced. (-1 XL)
                  | [Ru sacrifice]
 10381 | Lair:1   | Reached XP level 11. HP: 97/97 MP: 13/13
 10381 | Lair:1   | Reached ***** piety under Ru
 11234 | Lair:2   | Reached skill level 15 in Unarmed Combat
 11796 | Lair:3   | Found a staircase to the Snake Pit.
 11847 | Lair:3   | Found a gate leading to a gauntlet.
 11861 | Lair:3   | Found a frozen archway.
 11882 | Lair:3   | Gained mutation: You cannot train Armour skill. [Ru
                  | sacrifice]
 11882 | Lair:3   | Reached ****** piety under Ru
 11904 | IceCv    | Entered an ice cave
 11968 | IceCv    | Found a transporter.
 11977 | IceCv    | Found a transporter.
 12074 | Gauntlet | Entered a Gauntlet
 12074 | Gauntlet | Found a transporter.
 12082 | Gauntlet | Found a transporter.
 12082 | Gauntlet | Noticed a death yak
 12082 | Gauntlet | Noticed a death yak
 12082 | Gauntlet | Noticed a death yak
 12083 | Gauntlet | Found a transporter.
 12087 | Gauntlet | Found a transporter.
 12088 | Gauntlet | Found a transporter.
 12088 | Gauntlet | Found a transporter.
 12092 | Gauntlet | Found a runed translucent door.
 12094 | Gauntlet | Found a runed translucent door.
 12094 | Gauntlet | Noticed a cacodemon
 12096 | Gauntlet | Found a transporter.
 12105 | Gauntlet | Found a transporter.
 12169 | Gauntlet | Noticed a ghost crab
 12172 | Gauntlet | Found a transporter.
 12190 | Gauntlet | Found a transporter.
 12193 | Gauntlet | Found a transporter.
 12215 | Gauntlet | Found a transporter.
 12279 | Gauntlet | Killed a ghost crab
 12374 | Gauntlet | Reached skill level 5 in Fighting
 12389 | Gauntlet | Identified the ring "Nadwir" {Fly rF+ rC+}
 12431 | Gauntlet | Noticed a minotaur
 12444 | Gauntlet | Killed a minotaur
 12682 | Lair:3   | Reached skill level 16 in Unarmed Combat
 12747 | Lair:3   | Found a staircase to the Swamp.
 13295 | Lair:3   | Reached XP level 12. HP: 82/111 MP: 8/14
 13945 | Lair:4   | You fall into a shaft and drop 1 floor!
 13945 | Lair:5   | Entered Level 5 of the Lair of Beasts
 14082 | Lair:4   | Found a staircase to the Slime Pits.
 14927 | Lair:5   | Reached skill level 17 in Unarmed Combat
 15633 | Lair:5   | Reached XP level 13. HP: 120/120 MP: 15/15
 15954 | Lair:5   | Identified the staff of cold "Curiu" {Fragile rC+ rCorr
                  | Int+2}
 17301 | D:12     | Identified the +1 leather armour of the Shining Light
                  | {rElec Regen+}
 17582 | D:12     | Found a transporter.
 17609 | D:12     | Noticed Kounnib's ghost (journeyman MiBe)
 17637 | D:12     | Found a transporter.
 18381 | D:12     | Found a portal to a secret trove of treasure.
 19173 | D:14     | Reached skill level 18 in Unarmed Combat
 19238 | D:14     | Found an ornate altar of the Wu Jian Council.
 19260 | D:14     | Noticed Josephine
 19272 | D:14     | Killed Josephine
 19463 | D:14     | Reached skill level 15 in Throwing
 19594 | D:14     | Noticed Nessos
 19608 | D:14     | Killed Nessos
 20170 | D:14     | Noticed Agnes
 20309 | D:14     | Reached XP level 14. HP: 129/130 MP: 10/16
 20489 | D:14     | Killed Agnes
 20664 | D:14     | Identified a scroll of acquirement
 20762 | D:14     | Found a gate to the Vaults.
 20795 | D:15     | Entered Level 15 of the Dungeon
 21292 | D:15     | Found a staircase to the Depths.
 21639 | D:15     | Found a sacrificial altar of Ru.
 21857 | D:15     | Reached skill level 19 in Unarmed Combat
 22010 | D:15     | Acquired a +1 hat of willpower
 22162 | Orc:1    | Entered Level 1 of the Orcish Mines
 22254 | Orc:2    | Entered Level 2 of the Orcish Mines
 22407 | Orc:2    | Noticed Rupert
 22422 | Orc:2    | Killed Rupert
 22534 | Orc:2    | Found a burning altar of Makhleb.
 22605 | Orc:2    | Noticed Nergalle
 22657 | Orc:2    | Killed Nergalle
 22924 | Orc:2    | Found Naillomu's Antique Armour Boutique.
 22938 | Orc:2    | Found Dogil's General Store.
 22944 | Orc:2    | Found Ahuniubuar's Antique Weapon Boutique.
 23023 | Orc:2    | Found Pokaehak's Book Boutique.
 23047 | Orc:2    | Found a staircase to the Elven Halls.
 23379 | Orc:1    | Found Rocutet's Antique Armour Shoppe.
 23389 | Orc:1    | Noticed Urug
 23402 | Orc:1    | Killed Urug
 23628 | Orc:1    | Found Nugemu Irei's Gadget Gallery.
 23779 | Orc:2    | Bought a glowing scarf for 184 gold pieces
 23800 | Orc:2    | Bought a scroll of poison for 52 gold pieces
 24148 | Swamp:1  | Entered Level 1 of the Swamp
 24265 | Swamp:1  | Mangled by a goliath frog

Illustrated notes

Levels and vault maps discovered:
D:1:      eino_arrival_water_star, layout_basic, minmay_misc_feat_hallway
D:2:      layout_rooms, basic_altar, shapermc_ecumenical_altar_petra,
          serial_bayou_ford_a, grunt_decor_fettered
D:3:      layout_loops_corners
D:4:      layout_loops_ring, minitemple, nicolae_wormholes, uniq_ijyb
D:5:      layout_loops_ring, kennysheep_mini, minmay_temple_entry_glass,
          gammafunk_ghost_necromancy, uniq_duvessa, uniq_blork_the_orc,
          uniq_sigmund
D:6:      layout_rooms, kennysheep_generic_room_8
D:7:      minmay_the_grid_triangle_9x9_rhombus_full
          [minmay_the_grid_triangle_9x9_corruption,
          minmay_the_grid_triangle_9x9_from_above,
          minmay_the_grid_triangle_9x9_windchime,
          minmay_the_grid_triangle_9x9_flanged_cone,
          minmay_the_grid_triangle_9x9_sparse_checkered,
          minmay_the_grid_triangle_9x9_minimal,
          minmay_the_grid_triangle_9x9_semitri,
          minmay_the_grid_triangle_9x9_prize_special], layout_cave_pods,
          grunt_temple_overflow_opulence, chequers_decorated_corner
D:8:      layout_gridville, nicolae_uskayaw_dance_hall, uniq_grum
D:9:      layout_cave_pools, minmay_bent, uniq_erica
D:10:     layout_irregular_city, david_lair_shrubbed, david_orc_2
D:11:     layout_loops_ring, kennysheep_generic_room_9
D:12:     layout_stronghold, gammafunk_ghost_stat_death, serial_rivers,
          chequers_serial_rivers_marsh, chequers_serial_rivers_micro_c,
          chequers_serial_rivers_micro_d, chequers_serial_rivers_small_b,
          enter_trove_3
D:13:     layout_cave_pools
D:14:     layout_stronghold, grunt_vaults_entry_tiered,
          nicolae_wu_jian_wuxing_cycle, uniq_agnes, uniq_josephine, uniq_nessos
D:15:     grunt_enter_depths_hoard, layout_long_grid,
          nicolae_ru_sacrificial_ziggurat, chequers_serial_rivers_small_a
Temple:   compressed_dpeg_circular_temple
Lair:1:   layout_roguey, minivault_24, infiniplex_staircase_pool_2
Lair:2:   layout_regular_city
Lair:3:   layout_chaotic_city, minmay_swamp_entry_worms,
          guppyfry_snake_entry_island, portal_ice_cave_entry_pillars_1,
          gauntlet_entry_generic, nicolae_lair_liquid_snakes
Lair:4:   layout_gridlike, slime_entry_1, enter_volcano_3, lemuel_fruit_fields
Lair:5:   gammafunk_lair_ancient_temple, layout_loops_ring, patterned_corridor
Swamp:1:  layout_falls_marsh, hangedman_swamp_ruin_wall
Orc:1:    layout_diamond_mine, serial_shops, shop, nicolae_shop_gadgets,
          uniq_urug
Orc:2:    grunt_orc_cross, layout_diamond_mine, basic_altar,
          nicolae_orc_tapped_out, uniq_rupert

Skill      XL: |  1  2  3  4  5  6  7  8  9 10 11 12 13 14 |
---------------+-------------------------------------------+-----
Throwing       | 2 3 5 6 8 11 13 15 17 | 17.3
Fighting       | 2 3 5 6 |  6.0
Dodging        | 3 4 5 6 |  6.0
Unarmed Combat | 4 5 6 8 10 12 16 17 18 19 | 19.3
Spellcasting   | 1 2 |  2.0

Action                     |  1- 3 |  4- 6 |  7- 9 | 10-12 | 13-15 || total
---------------------------+-------+-------+-------+-------+-------++-------
  Melee: Unarmed           |   103 |   138 |   221 |   802 |   560 ||  1824
         Punch             |     1 |     3 |     8 |    12 |       ||    24
         Spear             |       |       |       |     8 |    19 ||    27
  Throw: Javelin           |       |     3 |     5 |    59 |    66 ||   133
         Dart              |       |     1 |     1 |    19 |     5 ||    26
         Throwing net      |       |     1 |     1 |     1 |       ||     3
         Large rock        |       |       |     4 |     5 |    29 ||    38
         Boomerang         |       |       |    10 |   113 |     9 ||   132
 Invoke: Sacrifice Courage |       |       |     1 |       |       ||     1
         Sacrifice Artific |       |       |     1 |       |       ||     1
         Power Leap        |       |       |       |     4 |     5 ||     9
         Sacrifice Stealth |       |       |       |     1 |       ||     1
         Sacrifice Durabil |       |       |       |     1 |       ||     1
         Sacrifice Experie |       |       |       |     1 |       ||     1
         Apocalypse        |       |       |       |       |     5 ||     5
  Evoke: Wand              |       |       |     6 |       |       ||     6
    Use: Scroll            |       |    12 |    10 |    14 |     4 ||    40
         Potion            |       |       |     7 |     9 |     7 ||    23
   Stab: Sleeping          |     3 |     2 |     1 |       |       ||     6
         Distracted        |       |     1 |     2 |     3 |     2 ||     8
         Invisible         |       |       |       |     8 |     4 ||    12
         Paralysed         |       |       |       |     4 |     7 ||    11
         Petrified         |       |       |       |       |     1 ||     1
 Armour: Robe              |    26 |    21 |    43 |       |       ||    90
         Steam dragon scal |       |       |       |   214 |   152 ||   366
         Skin              |       |       |       |    13 |       ||    13
  Dodge: Dodged            |    39 |    46 |   110 |   336 |   286 ||   817
  Block: Kite shield       |       |       |       |   171 |   168 ||   339
